 Dungeon Crawl Stone Soup version 0.28.0 (webtiles) character file.

Game seed: 8563788484735074550

5924 pkoi the Cleaver (level 10, -2/81 HPs)
             Began as a Minotaur Gladiator on Feb 4, 2022.
             Was a Believer of Hepliaklqana.
             Slain by a centaur warrior (4 damage)
             ... on level 8 of the Dungeon.
             The game lasted 00:10:07 (8701 turns).

pkoi the Cleaver (Minotaur Gladiator)               Turns: 8701, Time: 00:10:08

Health: -2/81      AC: 18    Str: 23    XL:     10   Next: 53%
Magic:  0/13       EV:  7    Int:  5    God:    Hepliaklqana [**....]
Gold:   521        SH:  6    Dex: 12    Spells: 9/9 levels left

rFire   . . .      SeeInvis .   b - +3 broad axe (vorpal)
rCold   . . .      Faith    .   h - +0 kite shield {reflect}
rNeg    . . .      Spirit   +   t - +0 plate armour
rPois   .          Reflect  +   c - +1 hat
rElec   .          Harm     .   (no cloak)
rCorr   .          Rampage  .   (no gloves)
Will    .....                   (no boots)
Stlth   ..........              k - amulet of guardian spirit
HPRegen 0.23/turn               g - +4 ring of protection
MPRegen 0.13/turn               p - ring of flight

@: flying
A: reduced essence, horns 2, retaliatory headbutt
a: Renounce Religion, Recall Ancestor, Ancestor Identity


You were on level 8 of the Dungeon.
You worshipped Hepliaklqana.
Hepliaklqana was pleased with you.
You visited 2 branches of the dungeon, and saw 9 of its levels.

You collected 521 gold pieces.

Inventory:

Hand Weapons
 a - a +0 war axe
 b - a +3 vorpal broad axe (weapon)
Missiles
 d - 6 throwing nets (quivered)
Armour
 c - a +1 hat (worn)
 h - a +0 kite shield of reflection (worn)
 t - a +0 plate armour (worn)
Jewellery
 g - a +4 ring of protection (left hand)
 k - an amulet of guardian spirit (around neck)
 p - a ring of flight (right hand)
Wands
 v - a wand of digging (8)
 w - a wand of flame (8)
Scrolls
 e - 3 scrolls of blinking
 f - a scroll of enchant armour
 i - a scroll of summoning {unknown}
 l - a scroll of amnesia {unknown}
 m - 4 scrolls of noise
 n - 2 scrolls of vulnerability
 u - a scroll of identify
Potions
 j - 3 potions of might {unknown}
 o - a potion of curing {unknown}
 q - a potion of berserk rage {unknown}
 r - a potion of mutation {unknown}
 s - 5 potions of heal wounds {unknown}


   Skills:
 + Level 8.4 Fighting
 * Level 12.2 Axes
 - Level 2.0 Throwing
 + Level 8.0 Armour
 + Level 5.9 Dodging
 + Level 2.2 Stealth
 + Level 6.2 Invocations


You had 9 spell levels left.
You didn't know any spells.
Your spell library contained the following spells:

 Spells                   Type           Power      Damage    Failure   Level
 Foxfire                  Conj/Fire      0%         2x1d4     100%        1
 Slow                     Hex            0%         N/A       100%        1
 Corpse Rot               Necr/Air       0%         N/A       100%        2
 Confusing Touch          Hex            0%         N/A       100%        3
 Conjure Flame            Conj/Fire      0%         6-21      100%        3
 Dazzling Flash           Conj/Hex       0%         N/A       100%        3
 Inner Flame              Hex/Fire       0%         N/A       100%        3
 Vampiric Draining        Necr           0%         2d6       100%        3
 Dispel Undead            Necr           0%         3d6       100%        4
 Flame Wave               Conj/Fire      0%         2d4       100%        4
 Iskenderun's Mystic Bla  Conj/Tloc      0%         2d3       100%        4
 Death Channel            Necr           0%         N/A       100%        6
 Starburst                Conj/Fire      0%         6d3       100%        6


Dungeon Overview and Level Annotations

Branches:
Dungeon (8/15)             Temple (1/1) D:4
   Lair: D:8-11

Altars:
Ashenzari
Cheibriados
Dithmenos
Elyvilon
Fedhas
Hepliaklqana
Kikubaaqudgha
Makhleb
Qazlal
Sif Muna
Trog
Uskayaw
Xom
Yredelemnul
Zin
The Shining One

Shops:
D:3 [   D:4 ?   D:5 ?(

Annotations:
D:5 2 transporters, GilGalad's ghost, novice MiFi
D:7 2 transporters


Innate Abilities, Weirdness & Mutations

Your life essence is reduced to manifest your ancestor. (-10% HP)
You have a pair of horns on your head.
You reflexively headbutt those who attack you in melee.


Message History

Imri casts a spell at the centaur warrior.
The centaur warrior seems to slow down.
The centaur warrior unwields a +0 shortbow.
The centaur warrior wields a staff of poison.
The centaur warrior hits you but does no damage.
The centaur warrior envenoms you!
* * * LOW HITPOINT WARNING * * *
You are poisoned.
The centaur warrior kicks you but does no damage.
Unknown command.
You closely miss the centaur warrior. You headbutt the centaur warrior.
The centaur warrior is moderately wounded.
You feel sick.
You are no longer poisoned.
The centaur warrior hits you with a staff of poison.
* * * LOW HITPOINT WARNING * * *
The centaur warrior envenoms you.
* * * LOW HITPOINT WARNING * * *
You are poisoned.
The centaur warrior kicks you but does no damage.
You hit the centaur warrior.
The centaur warrior is moderately wounded.
You feel sick.
You are no longer poisoned.
The centaur warrior hits you but does no damage.
The centaur warrior envenoms you.
* * * LOW HITPOINT WARNING * * *
You are poisoned.
The centaur warrior kicks you but does no damage.
Imri hits the centaur warrior but does no damage.
You barely miss the centaur warrior.
The centaur warrior is moderately wounded.
You feel sick.
You are no longer poisoned.
The centaur warrior hits you with a staff of poison!
* * * LOW HITPOINT WARNING * * *
The centaur warrior kicks you but does no damage.
Imri barely misses the centaur warrior.
The centaur warrior hits you with a staff of poison.
You die...

#. . #.#.## #!.#.# #
#+## #.#..##.###...##
######...... ##.....##
...###.#.# ##>).....##
#.##...R###.........#
#[....)@c.'.........+
#.#.#.)).###.........#
#.#......# ##.......#
#.##..#### ##.....##
## #..# ##...####.##
##.# ##........# #..
#.#####..# ##.# #.# ..
#######.#####


You could see the friendly Imri the hexer and a centaur warrior (slow, ally
target).

Vanquished Creatures
  A two-headed ogre (D:6)
  A tengu warrior (D:8)
  Pikel (D:3)
  A cyclops (D:8)
  Grinder (D:6)
  Eustachio (D:4)
  A wraith (D:5)
  Duvessa (D:5)
  An ice beast (D:5)
  2 sky beasts
  2 orc warriors
  5 ogres
  3 centaurs
  A lemure (D:3)
  A phantom (D:6)
  A kobold brigand (D:7)
  A gnoll sergeant (D:7)
  2 bullfrogs
  A scorpion (D:6)
  Dowan (D:5)
  A killer bee (D:8)
  2 howler monkeys (D:8)
  A bullfrog zombie (D:6)
  2 hounds (D:5)
  An orc priest (D:4)
  3 jellies
  A gnoll shaman (D:4)
  2 iguanas (D:6)
  5 orc wizards
  2 killer bee zombies (D:6)
  A howler monkey zombie (D:6)
  Robin (D:2)
  7 adders
  17 gnolls
  An ufetubus (D:4)
  3 adder skeletons
  4 worms
  5 dart slugs
  10 orcs
  8 ball pythons
  9 bats
  3 endoplasms
  3 giant cockroaches
  16 goblins
  9 hobgoblins
  10 jackals
  7 kobolds
  3 quokkas
  7 frilled lizards
  4 rats
177 creatures vanquished.

Vanquished Creatures (collateral kills)
  Psyche (D:8)
  A wyvern (D:6)
  A water moccasin (D:6)
  An orc warrior (D:8)
  A scorpion (D:7)
  A centaur zombie (D:8)
  A hound (D:5)
  A gnoll shaman (D:5)
  An orc wizard (D:8)
  A gnoll (D:7)
  4 orcs
  A rat (D:5)
15 creatures vanquished.

Vanquished Creatures (others)
  A hexer (D:8)
  2 ancestors (D:5)
3 creatures vanquished.

Grand Total: 195 creatures vanquished

Notes
Turn   | Place    | Note
-------+----------+-------------------------------------------
     0 | D:1      | pkoi the Minotaur Gladiator began the quest for the Orb.
     0 | D:1      | Reached XP level 1. HP: 18/18 MP: 0/0
    32 | D:1      | Reached skill level 4 in Axes
   412 | D:1      | Reached XP level 2. HP: 25/25 MP: 1/1
  1092 | D:2      | Found a faded altar of an unknown god.
  1099 | D:2      | Reached XP level 3. HP: 30/30 MP: 2/2
  1165 | D:2      | Reached skill level 1 in Armour
  1363 | D:2      | Reached skill level 5 in Axes
  1363 | D:2      | Noticed Robin
  1370 | D:2      | Killed Robin
  1496 | D:2      | Reached XP level 4. HP: 37/38 MP: 3/3
  2242 | D:3      | Found a blossoming altar of Fedhas.
  2372 | D:3      | Found Tethrinu's Armour Shoppe.
  2611 | D:3      | Found a hazy altar of Hepliaklqana.
  2629 | D:3      | Became a worshipper of Hepliaklqana the Forgotten
  2813 | D:3      | Found a shadowy altar of Dithmenos.
  2899 | D:4      | Noticed Eustachio
  2926 | D:4      | Killed Eustachio
  2927 | D:4      | Reached skill level 6 in Axes
  2927 | D:4      | Reached skill level 1 in Invocations
  2927 | D:4      | Reached XP level 5. HP: 33/46 MP: 4/4
  2927 | D:4      | Reached XP level 6. HP: 37/52 MP: 5/5
  3298 | D:4      | Found Cemorutu's Magic Scroll Shop.
  3300 | D:4      | Noticed Pikel
  3553 | D:3      | Killed Pikel
  3554 | D:3      | Reached skill level 5 in Fighting
  3554 | D:3      | Reached skill level 7 in Axes
  3554 | D:3      | Reached XP level 7. HP: 21/61 MP: 6/8
  3788 | D:4      | Reached skill level 8 in Axes
  4247 | D:4      | Found a staircase to the Ecumenical Temple.
  4260 | D:4      | Reached XP level 8. HP: 63/69 MP: 9/9
  4271 | Temple   | Entered the Ecumenical Temple
  4528 | D:4      | Found a glowing silver altar of Zin.
  4606 | D:4      | Found a shimmering blue altar of Sif Muna.
  4781 | D:5      | Entered Level 5 of the Dungeon
  4783 | D:5      | Noticed Dowan
  4783 | D:5      | Noticed Duvessa
  4802 | D:5      | Killed Duvessa
  4803 | D:5      | Reached skill level 5 in Armour
  4808 | D:5      | Killed Dowan
  4995 | D:5      | Found Naici's Firing Range.
  5104 | D:5      | Found a transporter.
  5108 | D:5      | Reached * piety under Hepliaklqana
  5134 | D:5      | Noticed a moth of wrath
  5137 | D:5      | Found a bloodstained altar of Trog.
  5283 | D:5      | Reached skill level 9 in Axes
  6170 | D:5      | Found Damaro's Magic Scroll Boutique.
  6185 | D:5      | Noticed GilGalad's ghost (novice MiFi)
  6187 | D:5      | Found a transporter.
  6427 | D:6      | Reached XP level 9. HP: 57/70 MP: 9/11
  6436 | D:6      | Reached skill level 10 in Axes
  6655 | D:6      | Noticed Grinder
  6678 | D:6      | Killed Grinder
  6825 | D:6      | Reached skill level 5 in Invocations
  7104 | D:6      | Noticed a two-headed ogre
  7108 | D:6      | Reached ** piety under Hepliaklqana
  7114 | D:6      | Killed a two-headed ogre
  7115 | D:6      | Reached skill level 11 in Axes
  7115 | D:6      | Reached skill level 5 in Dodging
  7115 | D:6      | Remembered your ancestor Imri as a hexer
  7443 | D:7      | Found a transporter.
  7540 | D:7      | Reached XP level 10. HP: 74/79 MP: 13/13
  7726 | D:7      | Found a transporter.
  7737 | D:7      | Reached skill level 1 in Stealth
  8068 | D:7      | Found a basalt altar of Yredelemnul.
  8208 | D:8      | Noticed Psyche
  8223 | D:8      | Killed Psyche
  8368 | D:8      | Noticed a cyclops
  8376 | D:8      | Killed a cyclops
  8511 | D:8      | Noticed a tengu warrior
  8540 | D:8      | Killed a tengu warrior
  8541 | D:8      | Reached skill level 12 in Axes
  8693 | D:8      | Noticed a centaur warrior
  8701 | D:8      | HP: 2/81 [centaur warrior (5)]
  8701 | D:8      | Slain by a centaur warrior

Illustrated notes

Levels and vault maps discovered:
D:1:      dpeg_arrival_rooms_with_view, layout_rooms, grunt_decor_resistance,
          st_stairs_10
D:2:      layout_loops_corners, hellmonk_ecumenical_altar_run_dry, uniq_robin
D:3:      layout_loops_ring, mainiacjoe_overflow_alcove_2,
          mainiacjoe_overflow_tiny_flanked, mainiacjoe_overflow_chevrons,
          serial_shops, shop, grunt_decor_fettered
D:4:      layout_rooms, amcnicky_altar_gilded, nicolae_sif_muna_little_library,
          minmay_temple_entry_stoned_glass, serial_shops, nicolae_square_shop,
          uniq_eustachio, uniq_pikel
D:5:      layout_basic, tgw_trog, gammafunk_ghost_mausoleum, serial_shops,
          nicolae_shop_advertising_works [nicolae_subvault_shop_adworks],
          nicolae_shop_firing_range, uniq_duvessa
D:6:      layout_cave_pools, uniq_grinder
D:7:      gammafunk_wand_slinger, layout_basic, nicolae_overflow_hidden_temple
D:8:      minmay_the_grid_four_pointed_star
          [minmay_the_grid_triangle_9x9_zippers_horizontal,
          minmay_the_grid_triangle_9x9_impossible_snake,
          minmay_the_grid_triangle_9x9_semitri,
          minmay_the_grid_triangle_9x9_longest,
          minmay_the_grid_prize_four_corners_diamond_b], layout_loops_corners,
          vehumet_crystals, mainiacjoe_overflow_concentric_impassable,
          minmay_diced_spiral, uniq_prince_ribbit1, uniq_maurice, uniq_maggie,
          uniq_psyche
Temple:   compressed_dpeg_triangle_lava_temple

Skill      XL: |  1  2  3  4  5  6  7  8  9 10 |
---------------+-------------------------------+-----
Axes           | 4 5 6 7 8 9 11 12 | 12.2
Armour         | 1 2 4 6 7 8 |  8.0
Fighting       | 3 4 5 6 7 8 |  8.4
Invocations    | 1 2 3 4 5 6 |  6.2
Dodging        | 5 |  5.9
Stealth        | 2 |  2.2
Throwing       | |  2.0

Action                   |  1- 3 |  4- 6 |  7- 9 | 10-12 || total
-------------------------+-------+-------+-------+-------++-------
Melee: War axe           |    79 |    94 |   229 |    89 ||   491
       Headbutt          |    10 |    11 |    39 |    14 ||    74
       Punch             |       |     2 |     2 |     2 ||     6
       Broad axe         |       |       |       |     3 ||     3
Invok: Ancestor Identity |       |       |     1 |       ||     1
       Ancestor Life: He |       |       |     1 |       ||     1
  Use: Potion            |       |     1 |     1 |     2 ||     4
       Scroll            |       |       |     8 |       ||     8
 Stab: Invisible         |       |       |     2 |       ||     2
       Confused          |       |       |     1 |     1 ||     2
       Distracted        |       |       |     1 |       ||     1
Armor: Leather armour    |     5 |       |       |       ||     5
       Ring mail         |    31 |    73 |    72 |       ||   176
       Plate armour      |       |       |    66 |    61 ||   127
       Skin              |       |       |       |    47 ||    47
Dodge: Dodged            |    45 |    79 |   149 |    30 ||   303
Block: Kite shield       |       |       |       |     2 ||     2
       Reflection        |       |       |       |     2 ||     2
